AoeStats
← AiM | Walter Quiver

Arena

510236855Analyzed
4v4 RM · 15h ago on Sep 30, 2026· 42m 22s· 8 players
Game mode
Random Map
Map size
Large (8 player)
Population
200
Speed
Normal
Resources
Standard
Victory
Conquest
Starting age
Dark Age
Ending age
Imperial Age
RankedLock teamsTeams togetherTeam positionsShared explorationLock speedFull tech treeHidden civsTurbo modeCheats
Victory
Defeat
🇦🇷 Saracens · Argentina
1650
+7
🇨🇱 Cumans · Chile
1496
+12
🇦🇷 Mongols · Argentina
1389
+17
🇨🇱 Teutons · Chile
1349
+18
🇲🇽 Turks · Mexico
1726
-25
🇦🇷 Varangians · Argentina
1375
-12
🇺🇸 Mongols · United States
1299
-9
🇲🇽 Bohemians · Mexico
1257
-8
CTM | Severo24cm
9:49 Feudal Age
11:30 Loom
14:11 Castle Age
12:31 Horse Collar
13:06 Double-Bit Axe
22:08 Bow Saw
26:43 Scale Barding Armor
27:50 Wheelbarrow
29:19 Heavy Plow
31:02 Stone Mining
31:02 Gold Mining
32:57 Stone Shaft Mining
33:23 Squires
33:08 Arson
33:10 Gambesons
34:06 Bloodlines
33:57 Husbandry
37:02 Imperial Age
35:22 Fortified Wall
35:22 Treadmill Crane
35:25 Pikeman
36:35 Scale Mail Armor
36:46 Forging
37:28 Murder Holes
38:12 Chain Mail Armor
38:52 Conscription
37:57 Gothikon
39:21 Hand Cart
38:52 Town Watch
38:48 Halberdier
42:07 Iron Casting
chiwire
9:46 Feudal Age
13:40 Castle Age
11:51 Double-Bit Axe
12:41 Horse Collar
14:40 Bow Saw
15:07 Loom
22:57 Wheelbarrow
24:01 Gold Mining
24:02 Stone Mining
25:47 Heavy Plow
30:50 Imperial Age
28:15 Fletching
28:25 Padded Archer Armor
29:56 Bodkin Arrow
30:17 Leather Archer Armor
31:31 Hand Cart
31:02 Town Watch
31:47 Ballistics
31:05 Elite Mangudai
32:12 Conscription
33:00 Chemistry
32:32 Bracer
33:43 Thumb Ring
34:14 Parthian Tactics
34:20 Bloodlines
34:10 Husbandry
César UAM
8:53 Loom
10:39 Feudal Age
13:04 Fletching
13:46 Double-Bit Axe
23:14 Castle Age
27:02 Bow Saw
31:04 Bodkin Arrow
SamSax
10:47 Feudal Age
11:56 Loom
22:09 Horse Collar
22:22 Double-Bit Axe
26:53 Wheelbarrow
33:16 Castle Age
AiM | Walter Quiver
6:38 Loom
8:39 Feudal Age
9:27 Town Watch
9:34 Double-Bit Axe
21:29 Wheelbarrow
22:01 Horse Collar
24:54 Castle Age
25:54 Bow Saw
25:51 Heavy Plow
27:21 Gold Mining
28:06 Hand Cart
28:42 Scale Barding Armor
29:26 Forging
30:08 Gold Shaft Mining
30:54 Chain Barding Armor
30:05 Capped Ram
31:29 Bloodlines
33:20 Iron Casting
40:44 Imperial Age
40:53 Cavalier
42:09 Plate Barding Armor
42:40 Blast Furnace
42:49 Two-Man Saw
42:20 Crop Rotation
41:51 Fletching
42:49 Padded Archer Armor
AgeOfFentanil0
6:29 Loom
9:05 Feudal Age
10:36 Fletching
25:52 Castle Age
24:24 Double-Bit Axe
24:23 Horse Collar
25:00 Gold Mining
27:27 Bodkin Arrow
33:14 Imperial Age
33:14 Bow Saw
33:55 Heavy Plow
37:27 Redemption
40:01 Man-at-Arms
41:10 Long Swordsman
Cannoli
10:16 Feudal Age
14:09 Castle Age
12:31 Double-Bit Axe
13:38 Horse Collar
15:09 Bow Saw
15:29 Heavy Plow
22:39 Wheelbarrow
24:03 Hand Cart
25:41 Gold Mining
28:36 Imperial Age
26:04 Stone Mining
26:01 Loom
26:01 Town Watch
26:58 Gold Shaft Mining
27:33 Scale Barding Armor
27:38 Forging
28:36 Chain Barding Armor
29:28 Husbandry
29:39 Bloodlines
30:06 Iron Casting
30:10 Conscription
30:46 Plate Barding Armor
30:45 Elite Mameluke
33:03 Blast Furnace
32:24 Conscription
31:31 Light Cavalry
32:58 Siege Engineers
33:05 Counterweights
33:02 Fletching
35:25 Hoardings
35:54 Chemistry
35:05 Masonry
36:12 Bodkin Arrow
37:13 Bracer
36:36 Hussar
42:17 Ballistics
TGT-Lord_Catan
5:52 Loom
8:12 Feudal Age
8:49 Double-Bit Axe
9:58 Fletching
11:22 Horse Collar
21:56 Castle Age
20:39 Gold Mining
22:23 Stone Mining
22:35 Bodkin Arrow
24:31 Bow Saw
25:52 Guard Tower
28:07 Wheelbarrow
28:29 Town Watch
30:22 Heavy Plow
32:58 Stone Shaft Mining
37:30 Imperial Age
35:33 Padded Archer Armor
35:56 Ballistics
36:49 Hand Cart
36:35 Town Patrol
36:54 Leather Archer Armor
37:11 Bloodlines
37:48 Thumb Ring
38:18 Husbandry
39:04 Conscription
38:47 Bracer
39:16 Parthian Tactics
40:19 Chemistry
39:51 Elite Mangudai
Connection lost

Rejoining the realm…

Still unreachable

The connection could not be restored.

Session expired

The server has moved on; the page needs a fresh start.